Map: Акрополь РВ

Players

MyNameIs - Winner!

  • Race: Terran Terran
  • League: Master
  • Spawn Location: 11:00

Kantara

  • Race: Protoss Protoss
  • League: Master
  • Spawn Location: 5:00

VOD

Have the link to the VOD?

Description

Time

  • Played on: Jan. 9, 2021, 4:10 p.m.
  • Length: 8:31
Show
View Real Time Build Order
Export as new Build Order

MyNameIs Terran - Winner!

Build Orders: Gas First Reaper Expand, Banshee Rush 

Get SALT Encoding   

  12  0:00  SCV  
  13  0:13  SCV  
  14  0:17  Supply Depot  
  14  0:25  SCV  
  15  0:29  Refinery  
  15  0:39  SCV  
  16  0:45  Barracks  
  16  0:51  SCV  
  17  1:03  SCV  
  18  1:15  SCV  
  19  1:32  Orbital Command  
  19  1:33  Reaper  
  20  1:42  Command Center  
  20  1:52  Factory  
  20  1:59  SCV  
  21  2:02  Supply Depot  
  21  2:06  Barracks Reactor  
  21  2:13  SCV  
  22  2:15  Refinery  
  22  2:25  SCV  
  23  2:37  Factory Tech Lab  
  23  2:38  SCV  
  23  2:43  Marine x2  
  26  2:47  Starport  
  26  2:50  SCV  
  27  2:55  Orbital Command  
  27  3:02  SCV  
  27  3:03  Marine x2  
  30  3:13  Factory Tech Lab  
  30  3:14  SCV  
  30  3:16  Bunker  
  31  3:21  SCV  
  31  3:26  SCV  
  33  3:30  Banshee, Cloaking Field  
  36  3:34  SCV  
  36  3:38  SCV  
  36  3:40  Supply Depot  
  38  3:45  Marine x2  
  40  3:51  Siege Tank  
  40  3:52  Refinery  
  40  3:53  SCV  
  40  3:54  SCV  
  45  4:05  Refinery, Marine x2, SCV  
  45  4:07  SCV  
  49  4:16  Banshee  
  52  4:17  SCV  
  52  4:19  SCV  
  54  4:34  Siege Tank, SCV x2  
  54  4:35  Supply Depot  
  54  4:36  Marine x2  
  61  4:42  Barracks  
  61  4:43  Barracks  
  61  4:46  SCV  
  62  4:57  SCV  
  62  4:58  SCV  
  62  4:59  Supply Depot  
  64  5:01  Raven  
  66  5:07  Engineering Bay  
  66  5:09  SCV  
  67  5:15  Siege Tank  
  67  5:16  Marine x2  
  67  5:17  SCV  
  67  5:21  SCV  
  71  5:30  SCV  
  71  5:31  Supply Depot  
  71  5:33  Terran Infantry Weapons Level 1, SCV  
  71  5:34  Marine x2  
  75  5:58  Starport Reactor  
  75  6:00  Factory Tech Lab  
  75  6:01  Stimpack, Marine x2  
  75  6:02  Combat Shield, Marauder  
  75  6:04  Marauder  
  78  6:12  Supply Depot  
  78  6:18  Siege Tank  
  78  6:19  Barracks x2  
  78  6:24  Marauder  
  78  6:25  Supply Depot x2, Marauder  
  85  6:37  Supply Depot  
  85  6:40  Marine x2  
  85  6:41  Medivac x2  
  85  6:45  Marauder  
  95  6:47  Marauder  
  95  6:48  Supply Depot  
  95  6:49  Supply Depot  
  95  6:55  Siege Tank  
  98  7:08  Barracks Reactor, Barracks Tech Lab  
  98  7:11  Marauder x2, Marine x2  
  104  7:21  Concussive Shells  
  104  7:28  Siege Tank  
  104  7:29  Marine x2  
  111  7:30  Marauder  
  111  7:31  Medivac  
  111  7:32  Medivac, Marine x2  
  117  7:46  Marine  
  117  7:47  Marine x3  
  117  7:50  Marine x3  
  122  8:04  Marine x3  
  122  8:05  Marine  
  128  8:08  Marauder x2  
  128  8:09  Marauder  
Show
View Real Time Build Order
Export as new Build Order

Kantara Protoss 

Build Orders: 1 Gate Expand 

Get SALT Encoding   

  12  0:04  Probe  
  13  0:16  Probe  
  14  0:22  Pylon  
  14  0:29  Probe (Chrono Boost)  
  15  0:41  Probe (Chrono Boost)  
  16  0:45  Gateway  
  16  0:49  Probe (Chrono Boost)  
  17  0:55  Probe  
  17  0:56  Assimilator  
  18  1:07  Probe  
  19  1:19  Probe  
  20  1:26  Nexus  
  20  1:36  Cybernetics Core  
  20  1:38  Probe  
  21  1:45  Assimilator  
  21  1:51  Probe  
  22  2:07  Pylon  
  22  2:09  Probe  
  23  2:18  Warp Gate  
  23  2:24  Stalker (Chrono Boost)  
  23  2:25  Probe  
  26  2:31  Robotics Facility  
  26  2:38  Probe x2  
  28  2:50  Probe (Chrono Boost)  
  30  2:51  Probe (Chrono Boost)  
  30  2:52  Stalker (Chrono Boost)  
  32  3:00  Assimilator  
  32  3:02  Probe (Chrono Boost)  
  32  3:03  Probe (Chrono Boost)  
  34  3:11  Probe x2 (Chrono Boost)  
  36  3:13  Gateway  
  36  3:16  Gateway  
  36  3:17  Probe  
  37  3:20  Observer  
  37  3:21  Probe (Chrono Boost)  
  37  3:22  Stalker  
  41  3:33  Probe x2 (Chrono Boost)  
  44  3:43  Probe (Chrono Boost)  
  44  3:44  Probe (Chrono Boost)  
  45  3:49  Pylon  
  45  3:53  Probe  
  46  4:07  Probe x2, Warp Prism  
  50  4:10  Nexus  
  50  4:19  Probe  
  50  4:20  Pylon  
  50  4:21  Probe, Pylon  
  52  4:32  Probe  
  53  4:43  Observer  
  54  4:50  Probe x2  
  56  5:02  Probe x2, Robotics Bay  
  56  5:03  Forge  
  56  5:05  Stalker x3  
  58  5:48  Probe x3  
  57  5:51  Protoss Ground Weapons Level 1 (Chrono Boost)  
  53  6:10  Probe (Chrono Boost)  
  56  6:11  Probe (Chrono Boost)  
  56  6:12  Probe (Chrono Boost), Twilight Council  
  56  6:14  Pylon  
  56  6:18  Colossus (Chrono Boost)  
  56  6:22  Probe (Chrono Boost)  
  56  6:24  Observer  
  65  6:28  Probe x2 (Chrono Boost), Photon Cannon  
  65  6:29  Probe (Chrono Boost)  
  66  6:33  Pylon  
  66  6:34  Probe x2  
  66  6:39  Extended Thermal Lance, Photon Cannon  
  68  6:54  Stalker x3  
  74  7:01  Probe x3  
  74  7:03  Charge (Chrono Boost)  
  74  7:08  Colossus  
  83  7:14  Probe (Chrono Boost)  
  86  7:16  Probe x2 (Chrono Boost)  
  86  7:17  Shield Battery  
  86  7:26  Probe (Chrono Boost)  
  89  7:30  Probe x2 (Chrono Boost)  
  89  7:31  Probe (Chrono Boost)  
  89  7:34  Nexus  
  90  7:37  Probe  
  90  7:38  Probe  
  90  7:40  Probe  
  93  7:50  Probe  
  90  8:06  Zealot x3  
Tags
 
Add a new tag
Caveats
  • Supply blocks, unpowered buildings, or Contaminate may cause inaccurate times.
  • Supply counts are checked every 10 seconds.